[Event "*** SCC Grand Prix: Titled Tuesday Blitz"]
[Site "Chess.com"]
[Date "2020.06.09"]
[Round "3"]
[White "GOGIEFF"]
[Black "Roman_Ovetchkin"]
[Result "1-0"]
[WhiteElo "2900"]
[BlackElo "2597"]
[TimeControl "180+1"]
[EndTime "9:27:59 PDT"]
[Termination "GOGIEFF won by resignation"]

1. d4 Nf6 2. c4 g6 3. Nc3 Bg7 4. e4 d6 5. f3 O-O 6. Nge2 e5 7. d5 c6 8. Be3 cxd5 9. cxd5 a6 10.
Qd2 b5 11. g4 Nbd7 12. Ng3 Nb6 13. b3 Bb7 14. g5 b4 15. gxf6 bxc3 16. Qf2 Qxf6 17. Bxb6 Rac8 18. Bc4 Bh6 19. Be3 Bf4 20. Ne2 Bxe3 21. Qxe3 c2 22. Rc1 Qh4+ 23. Qf2 Qh6 24. Rxc2 f5 25. Ng3 Rc5 26. O-O a5 27. exf5 gxf5 28. f4 e4 29. Qd4 Rf7 30. Rg2 Kf8 31.
Re1 1-0

[Event "*** SCC Grand Prix: Titled Tuesday Blitz"]
[Site "Chess.com"]
[Date "2020.06.09"]
[Round "3"]
[White "BursaBBSatranc"]
[Black "AniJak"]
[Result "1-0"]
[WhiteElo "2511"]
[BlackElo "2269"]
[TimeControl "180+1"]
[EndTime "9:28:00 PDT"]
[Termination "BursaBBSatranc won by resignation"]

1. d4 d5 2. Bf4 Nf6 3. e3 Bg4 4. Nf3 e6 5. Nbd2 Bd6 6. c3 Bxf4 7. exf4 Ne4 8. Qb3 Nxd2 9. Nxd2 Qc8 10. Bd3 O-O 11.
O-O c5 12. dxc5 Nd7 13. Qc2 f5 14. b4 b6 15. cxb6 axb6 16. Rfe1 Qc6 17. Nb3 Rf6 18.
Nd4 Qd6 19. h3 Bh5 20. a4 Re8 21. g3 Rg6 22. Kh2 Nf6 23. a5 bxa5 24. bxa5 Rh6 25. a6 Bg4 26. Bf1 Ne4 27. a7 Ra8 28. f3 Nxg3 29.
Kxg3 g5 30. Qd2 Rg6 31. fxg4 fxg4 32. hxg4 gxf4+ 33. Qxf4 Qb6 34. Reb1 1-0

[Event "*** SCC Grand Prix: Titled Tuesday Blitz"]
[Site "Chess.com"]
[Date "2020.06.09"]
[Round "3"]
[White "csati17"]
[Black "Aleksandar-Topalov"]
[Result "1-0"]
[WhiteElo "2583"]
[BlackElo "2379"]
[TimeControl "180+1"]
[EndTime "9:28:01 PDT"]
[Termination "csati17 won by resignation"]

1. c4 Nf6 2. Nc3 g6 3. g3 Bg7 4.
Bg2 O-O 5. e4 c5 6. Nge2 Nc6 7.
O-O a6 8. d3 Rb8 9. a4 d6 10. h3 Bd7 11. Be3 e5 12. Nd5 Nxd5 13.
cxd5 Nd4 14. Nxd4 exd4 15. Bd2 b5 16. axb5 axb5 17. b3 Qc7 18. Ra6 Rfc8 19. Ba5 Qb7 20. Rxd6 c4 21. bxc4 bxc4 22. dxc4 Rxc4 23. Rb6 Qa7 24.
Rxb8+ Qxb8 25. Qb1 Qa8 26. Bd2 Qc8 27. Rc1 Rxc1+ 28.
Qxc1 Bxh3 29. Bxh3 Qxh3 30. Qc6 h5 31. Qe8+ Kh7 32.
Qxf7 h4 33. Qf4 hxg3 34. Qxg3 Qd7 35. Kg2 Qb5 36. Qh3+ Kg8 37. Qe6+ Kh7 38. d6 Qe2 39. d7 Qxd2 40. d8=Q 1-0

[Event "*** SCC Grand Prix: Titled Tuesday Blitz"]
[Site "Chess.com"]
[Date "2020.06.09"]
[Round "3"]
[White "rpragchess"]
[Black "vaishali2001"]
[Result "1-0"]
[WhiteElo "2841"]
[BlackElo "2641"]
[TimeControl "180+1"]
[EndTime "9:28:03 PDT"]
[Termination "rpragchess won on time"]

1. e4 e5 2. Nf3 Nc6 3. Bc4 Nf6 4. d3 Bc5 5. c3 a6 6. Bb3 Ba7 7. O-O h6 8. Nbd2 d6 9. Re1 g5 10. Nf1 g4 11. N3d2 h5 12. Nc4 h4 13.
Be3 h3 14. g3 Bd7 15. Bxa7 Nxa7 16. d4 Qe7 17. Nfe3 O-O-O 18. dxe5 dxe5 19. Qe2 Rhg8 20. Rad1 Qc5 21. Nd5 Rg6 22. Nxe5 Rg5 23. Nxf7 Nxd5 24. Bxd5 1-0

[Event "*** SCC Grand Prix: Titled Tuesday Blitz"]
[Site "Chess.com"]
[Date "2020.06.09"]
[Round "3"]
[White "SaqoChess_Twitch"]
[Black "praveenb2002"]
[Result "0-1"]
[WhiteElo "2427"]
[BlackElo "2758"]
[TimeControl "180+1"]
[EndTime "9:28:04 PDT"]
[Termination "praveenb2002 won by resignation"]

1. d4 Nf6 2. c4 e6 3. Nc3 Bb4 4. a3 Bxc3+ 5. bxc3 c5 6. e3 Nc6 7. Bd3 O-O 8. Ne2 d6 9. O-O e5 10. d5 Ne7 11. Ng3 Ng6 12. f4 exf4 13. exf4 Qa5 14.
Qc2 Bd7 15. f5 Ne5 16. Bg5 Ba4 17. Qd2 Ned7 18. Ne4 Nxe4 19. Bxe4 Rae8 20. Bd3 f6 21. Bf4 Ne5 22. Be2 Bb3 23. Rfb1 Qa4 24. Bxe5 Rxe5 25.
Qd3 Rfe8 26. Rb2 Re3 27. Qd2 Rxe2 28. Qxe2 Rxe2 29. Rxe2 Bxc4 30. Re4 h6 31. Rae1 Qb3 32. Re8+ Kh7 33. Rd8 Qxc3 34. Ree8 Qd4+ 35. Kh1 Qd1+ 0-1

[Event "*** SCC Grand Prix: Titled Tuesday Blitz"]
[Site "Chess.com"]
[Date "2020.06.09"]
[Round "3"]
[White "PattyCastillo"]
[Black "vitnik2020"]
[Result "0-1"]
[WhiteElo "1893"]
[BlackElo "2300"]
[TimeControl "180+1"]
[EndTime "9:28:05 PDT"]
[Termination "vitnik2020 won by resignation"]

1. d4 Nf6 2. Nf3 c5 3. e3 d5 4.
Bd3 c4 5. Be2 b5 6. b3 Bb7 7. a4 a6 8. O-O e6 9. axb5 axb5 10.
Rxa8 Bxa8 11. bxc4 dxc4 12. Nc3 b4 13. Nb5 Bd5 14.
Ne5 Qc8 15. Bd2 c3 16. Bc1 Nbd7 17. f4 Be7 18. f5 O-O 19. fxe6 fxe6 20. Bd3 Qb7 21. Qe2 Nxe5 22. dxe5 Ne4 23. Rxf8+ Bxf8 24. Nd4 Nc5 25. Qg4 Nxd3 26. cxd3 b3 27. e4 b2 28.
Bxb2 cxb2 29. exd5 b1=Q+ 0-1

[Event "*** SCC Grand Prix: Titled Tuesday Blitz"]
[Site "Chess.com"]
[Date "2020.06.09"]
[Round "3"]
[White "RaphCamora"]
[Black "Jospem"]
[Result "0-1"]
[WhiteElo "2468"]
[BlackElo "2858"]
[TimeControl "180+1"]
[EndTime "9:28:06 PDT"]
[Termination "Jospem won by resignation"]

1. e4 c5 2. Nf3 d6 3. d4 cxd4 4.
Nxd4 a6 5. c4 e6 6. Nc3 Nf6 7. Bd3 b6 8. O-O Bb7 9. b3 Be7 10. Bb2 O-O 11. f4 Nbd7 12. Qe2 Re8 13. Rae1 g6 14. Nf3 Bf8 15. Ng5 Bg7 16. Bb1 Nh5 17. Nh3 b5 18. cxb5 axb5 19. Kh1 b4 20. Na4 Ba6 21. Bd3 Bxd3 22. Qxd3 Nc5 23. Nxc5 dxc5 24.
Qxd8 Rexd8 25. Bxg7 Kxg7 26. Re2 Nf6 27. Nf2 Ra5 28. Rc1 Rd4 29. Kg1 h6 30. Kf1 g5 31.
fxg5 hxg5 32. e5 Nd5 33. Ne4 Nf4 34. Re3 Rxa2 35. Nxc5 Nxg2 36. Rg3 Nh4 37. Rxg5+ Kh6 38. Rg3 Rf4+ 39. Kg1 Nf3+ 40. Rxf3 Rxf3 41. Rc4 Rc3 0-1

[Event "*** SCC Grand Prix: Titled Tuesday Blitz"]
[Site "Chess.com"]
[Date "2020.06.09"]
[Round "3"]
[White "MarcoRiehle"]
[Black "ditkin25"]
[Result "1-0"]
[WhiteElo "2640"]
[BlackElo "2426"]
[TimeControl "180+1"]
[EndTime "9:28:06 PDT"]
[Termination "MarcoRiehle won by resignation"]

1. e4 c6 2. c4 d5 3. cxd5 cxd5 4. exd5 Nf6 5. Nc3 Nxd5 6. Nf3 Nc6 7. Bb5 e6 8. O-O Be7 9. d4 O-O 10. Re1 Bf6 11.
Ne4 Be7 12. a3 Nf6 13. Nc3 a6 14. Bd3 b5 15. Bg5 Bb7 16. Rc1 Rc8 17. Bb1 Na5 18. Ne5 Nc4 19. Nxc4 Rxc4 20. Be3 b4 21. axb4 Bxb4 22.
Qd3 Rc8 23. Bg5 g6 24. Bh4 Bxc3 25. bxc3 Qd5 26. f3 Nh5 27. c4 Qa5 28. Re5 Nf4 29. Rxa5 Nxd3 30. Bxd3 Rc6 31. Rb1 Bc8 32. Bf6 1-0

[Event "*** SCC Grand Prix: Titled Tuesday Blitz"]
[Site "Chess.com"]
[Date "2020.06.09"]
[Round "3"]
[White "dianamirza"]
[Black "ljuks68"]
[Result "0-1"]
[WhiteElo "2028"]
[BlackElo "2328"]
[TimeControl "180+1"]
[EndTime "9:28:07 PDT"]
[Termination "ljuks68 won by resignation"]

1. e4 e6 2. d3 d5 3. Bd2 Nf6 4. g3 dxe4 5. dxe4 Nxe4 6. Bg2 Nxd2 7. Nxd2 Be7 8. Ne2 O-O 9. O-O c6 10. Nc3 Nd7 11. Qe2 Nf6 12. Rad1 Qc7 13. Nde4 Nxe4 14. Nxe4 b6 15. h4 Bb7 16. Ng5 h6 17. Nh3 Rad8 18.
Qg4 Bf6 19. c3 c5 20. Nf4 Bxg2 21. Kxg2 Qc6+ 22. Kh2 Qe4 23. Rde1 Qc4 24. Qf3 Rd2 25. Nh5 Be7 26. b3 Qd3 27. Qg4 g6 28. Nf4 Qf5 29. Qf3 Rxa2 30. g4 Qf6 31. Qe3 Qxh4+ 32. Nh3 Bd6+ 33. Kg2 Qxg4+ 34. Qg3 Bxg3 0-1

[Event "*** SCC Grand Prix: Titled Tuesday Blitz"]
[Site "Chess.com"]
[Date "2020.06.09"]
[Round "3"]
[White "mbojan"]
[Black "Indianlad"]
[Result "0-1"]
[WhiteElo "2629"]
[BlackElo "2985"]
[TimeControl "180+1"]
[EndTime "9:28:08 PDT"]
[Termination "Indianlad won by checkmate"]

1. e4 c5 2. Nf3 d6 3. d4 cxd4 4. Nxd4 Nf6 5. Nc3 a6 6. Bg5 e6 7. f4 Qa5 8. Bxf6 gxf6 9. f5 Nc6 10. fxe6 fxe6 11. Be2 Nxd4 12. Qxd4 Qe5 13. Qxe5 dxe5 14.
O-O Bc5+ 15. Kh1 Ke7 16. Na4 Bd4 17. c3 Ba7 18. b4 Bd7 19. Nb2 Rac8 20. Rac1 f5 21.
Nd3 Be3 22. Rcd1 Ba4 23. exf5 exf5 24. Rxf5 Bxd1 25. Rxe5+ Kf6 26. Bxd1 Rhe8 27. Rxe8 Rxe8 28. g3 Bd2 29. c4 Bxb4 30. Kg2 Rd8 31. Nf2 Bc5 32.
Ne4+ Ke5 33. Nxc5 Rxd1 34. Nxb7 Rd2+ 35. Kf3 Rxa2 36. Nc5 a5 37. h4 a4 38. Nd3+ Kd4 39. Nb4 Rb2 40. Nc6+ Kxc4 41. Ne5+ Kc3 42. Ke3 a3 43.
Nd3 a2 44. Nxb2 Kxb2 45. Kf4 a1=Q 46. Kg5 Qg1 47. Kh5 Qxg3 48. Kh6 Qxh4+ 49. Kg7 Kc3 50.
Kh8 Kd4 51. Kg7 Ke5 52. Kh8 Kf6 53. Kg8 Qg5+ 54. Kh8 Qg7# 0-1

[Event "*** SCC Grand Prix: Titled Tuesday Blitz"]
[Site "Chess.com"]
[Date "2020.06.09"]
[Round "3"]
[White "Radzio1987"]
[Black "EvgenyRomanov"]
[Result "1-0"]
[WhiteElo "2910"]
[BlackElo "2662"]
[TimeControl "180+1"]
[EndTime "9:28:09 PDT"]
[Termination "Radzio1987 won by resignation"]

1. c4 Nf6 2. Nc3 e5 3. Nf3 Nc6 4. a3 g6 5. e3 Bg7 6. Qc2 O-O 7.
b4 d6 8. Bb2 Re8 9. d3 b6 10.
Be2 Bb7 11. Nd2 Ne7 12. Nde4 Nd7 13. h4 h6 14. Bf3 Qc8 15. g4 f5 16. gxf5 gxf5 17. Nd2 a5 18. O-O-O axb4 19. axb4 Bxf3 20. Nxf3 Qb7 21. Rh3 d5 22. Rg1 Kh7 23. Rhg3 Bh8 24. Qe2 Nf6 25. Ng5+ hxg5 26. Rxg5 Neg8 27. Nxd5 Qc6 28.
Nxf6+ Qxf6 29. Qh5+ Nh6 30. Rg6 Qf8 31. f4 Ra2 32. Rxh6+ Qxh6 33. Qxf5+ 1-0

[Event "*** SCC Grand Prix: Titled Tuesday Blitz"]
[Site "Chess.com"]
[Date "2020.06.09"]
[Round "3"]
[White "PrinceMurad09"]
[Black "ZarinaShafigullina"]
[Result "1-0"]
[WhiteElo "2518"]
[BlackElo "2230"]
[TimeControl "180+1"]
[EndTime "9:28:09 PDT"]
[Termination "PrinceMurad09 won by resignation"]

1. e4 c5 2. Nf3 Nc6 3. d4 cxd4 4. Nxd4 Nf6 5. Nc3 e5 6. Ndb5 d6 7. Bg5 a6 8. Na3 b5 9. Nd5 Be7 10. Bxf6 Bxf6 11. c4 b4 12. Nc2 a5 13. g3 O-O 14.
Bg2 Be7 15. O-O f5 16. exf5 Ra6 17. Nce3 Nd4 18. g4 h5 19. h3 Bg5 20. Nc2 Nxc2 21. Qxc2 hxg4 22. hxg4 g6 23. f6 Kf7 24. f4 Bxf4 25.
Nxf4 exf4 26. Bd5+ Kxf6 27. Rxf4+ Kg7 28. Rxf8 Qb6+ 29. Qf2 Qxf2+ 30. Rxf2 Bxg4 31. Rf7+ Kh6 32. Kf2 Bf5 33. Rg1 Rb6 34. b3 Rb8 35. Re1 Kg5 36.
Be4 Rh8 37. Bxf5 gxf5 38. Rg1+ Kf4 39. Rf6 Rh2+ 40. Rg2 Rh3 41. Rxd6 Rc3 42. Kg1 Kf3 43. Rf2+ Kg3 44. Rg6+ Kh4 45. Rh2+ Rh3 46. Rh6+ Kg4 47. R6xh3 1-0

[Event "*** SCC Grand Prix: Titled Tuesday Blitz"]
[Site "Chess.com"]
[Date "2020.06.09"]
[Round "3"]
[White "Colchonero64"]
[Black "tigra"]
[Result "1-0"]
[WhiteElo "2995"]
[BlackElo "2716"]
[TimeControl "180+1"]
[EndTime "9:28:10 PDT"]
[Termination "Colchonero64 won by resignation"]

1. d4 Nf6 2. Nf3 e6 3. Bf4 c5 4. e3 Nc6 5. Nc3 cxd4 6. exd4 Bb4 7. Bd3 Ne7 8. O-O Bxc3 9. bxc3 d6 10. c4 O-O 11. a4 b6 12. h3 Bb7 13. Re1 Ng6 14.
Bh2 d5 15. c5 bxc5 16. dxc5 Ne4 17. Bxe4 dxe4 18. Nd4 Qd5 19. Bd6 Rfd8 20. Rb1 Ba6 21.
Nb5 Qc6 22. Nc7 Rac8 23. Nxa6 Qxa6 24. Rxe4 Rxc5 25. Rd4 Rcc8 26. Bg3 Rxd4 27. Qxd4 h5 28. c3 Kh7 29. Rb5 f5 30. Qd1 Kh6 31. Qd2+ Kh7 32.
Qg5 Nf8 33. Be5 1-0

[Event "*** SCC Grand Prix: Titled Tuesday Blitz"]
[Site "Chess.com"]
[Date "2020.06.09"]
[Round "3"]
[White "Savva09022009"]
[Black "LiverpooL174"]
[Result "1/2-1/2"]
[WhiteElo "2437"]
[BlackElo "2668"]
[TimeControl "180+1"]
[EndTime "9:28:10 PDT"]
[Termination "Game drawn - insufficient material"]

1. d4 Nf6 2. Nc3 d6 3. Bf4 Nbd7 4. e4 e5 5. dxe5 dxe5 6. Bg3 Bb4 7. Bd3 O-O 8. Nf3 Bxc3+ 9. bxc3 Qe7 10. O-O b6 11. Qe2 Bb7 12. Rad1 Rad8 13. Rfe1 Rfe8 14. Bb5 Nxe4 15.
Qc4 Nxg3 16. hxg3 c6 17. Bxc6 Bxc6 18. Qxc6 Nc5 19. Rxd8 Qxd8 20. Rxe5 Rxe5 21. Nxe5 Qd1+ 22. Kh2 Qh5+ 23. Kg1 h6 24. Qe8+ Kh7 25. g4 Qg5 26. Nxf7 Qc1+ 27. Kh2 Qf4+ 28. Kh3 Ne4 29. g3 Nxf2+ 30.
Kg2 Qe4+ 31. Qxe4+ Nxe4 32. c4 Kg6 33. Ne5+ Kf6 34. Nc6 a5 35. Nb8 Ke6 36. Nc6 Nc3 37.
a3 Kd6 38. Nd4 Kc5 39. Ne6+ Kxc4 40. Nxg7 b5 41. Nf5 b4 42. axb4 a4 43. b5 Nxb5 44.
Ne3+ Kc3 45. Nd5+ Kxc2 46. Nb4+ Kc3 47. Nd5+ Kc4 48. Nb6+ Kb4 49. Nxa4 Kxa4 50. Kh3 Nd6 51. Kh4 Ne4 52. Kh5 Nxg3+ 53. Kxh6 Ne4 54. g5 Nxg5 1/2-1/2

[Event "*** SCC Grand Prix: Titled Tuesday Blitz"]
[Site "Chess.com"]
[Date "2020.06.09"]
[Round "3"]
[White "Generalas"]
[Black "rududuyk"]
[Result "1-0"]
[WhiteElo "2382"]
[BlackElo "2191"]
[TimeControl "180+1"]
[EndTime "9:28:10 PDT"]
[Termination "Generalas won by resignation"]

1. e4 e6 2. d4 d5 3. exd5 exd5 4. c4 Nf6 5. Nc3 Be7 6. Bd3 dxc4 7. Bxc4 O-O 8. Nge2 c6 9. O-O Bg4 10. f3 Bf5 11.
Ng3 Bg6 12. f4 b5 13. Bb3 b4 14. f5 bxc3 15. fxg6 hxg6 16. bxc3 c5 17. d5 c4 18. Bxc4 Qc7 19. Qd3 Bd6 20. Bg5 Nbd7 21. Bb3 Nc5 22. Qf3 Nxb3 23. axb3 Qc5+ 24. Kh1 Nxd5 25. Ne4 Qc7 26. Nxd6 Qxd6 27. Rad1 Rad8 28. c4 Qe5 29. Rxd5 Rxd5 30. Qxd5 Qe2 31. Qf3 Qc2 32.
h3 1-0

[Event "*** SCC Grand Prix: Titled Tuesday Blitz"]
[Site "Chess.com"]
[Date "2020.06.09"]
[Round "3"]
[White "Gromes7"]
[Black "smshk35"]
[Result "1-0"]
[WhiteElo "2057"]
[BlackElo "2318"]
[TimeControl "180+1"]
[EndTime "9:28:10 PDT"]
[Termination "Gromes7 won by resignation"]

1. d4 Nf6 2. g3 g6 3. Bg2 Bg7 4. Nf3 O-O 5. O-O d6 6. c4 Nc6 7. Nc3 e5 8. h3 Qe7 9. Be3 exd4 10. Nxd4 Ne5 11. Qb3 Be6 12. Nd5 Qd7 13. Nxe6 Qxe6 14.
Nxc7 Qxc4 15. Nxa8 Rxa8 16. Rac1 Qxe2 17. Rfe1 Nf3+ 18. Bxf3 Qxf3 19. Rc7 Nd5 20. Rxb7 Be5 21. Bh6 Qxb3 22. Rxb3 Nb6 23. f4 Bf6 24. Bg5 Bxg5 25.
fxg5 Kf8 26. Rc3 d5 27. Rc7 d4 28. Rf1 Nd5 29. Rcxf7+ Kg8 30. Rd7 Ne3 31. Rff7 Nf5 32. g4 Nh4 33. Rg7+ Kf8 34. Rxh7 Nf3+ 35. Kg2 1-0

[Event "*** SCC Grand Prix: Titled Tuesday Blitz"]
[Site "Chess.com"]
[Date "2020.06.09"]
[Round "3"]
[White "LionTheLeon_06"]
[Black "LyonBeast"]
[Result "0-1"]
[WhiteElo "2687"]
[BlackElo "2955"]
[TimeControl "180+1"]
[EndTime "9:28:12 PDT"]
[Termination "LyonBeast won by resignation"]

1. Nf3 c5 2. g3 g6 3. Bg2 Bg7 4. O-O Nc6 5. c3 e5 6. d4 cxd4 7. cxd4 exd4 8. Nbd2 Nge7 9. Nb3 Nf5 10. g4 Nfe7 11.
Nfxd4 d5 12. g5 O-O 13. Be3 Re8 14. Qd2 Ne5 15. Bf4 Nc4 16. Qd3 Nxb2 17. Qg3 Nf5 18.
Nxf5 Bxf5 19. e3 Nd3 20. Rad1 Rc8 21. Rd2 Nxf4 22. Qxf4 Rc4 23. Qg3 Rg4 24. Qf3 Qxg5 25. h3 Rh4 26. Qg3 Qxg3 27. fxg3 Rb4 28. Bxd5 Bh6 29. Kg2 Bxe3 30. Rdd1 Bb6 31. g4 Be4+ 32. Bxe4 Rbxe4 33. Rd7 Re2+ 34. Kh1 R8e3 0-1

[Event "*** SCC Grand Prix: Titled Tuesday Blitz"]
[Site "Chess.com"]
[Date "2020.06.09"]
[Round "3"]
[White "1stSecond"]
[Black "Fusikk"]
[Result "1-0"]
[WhiteElo "2795"]
[BlackElo "2575"]
[TimeControl "180+1"]
[EndTime "9:28:12 PDT"]
[Termination "1stSecond won by resignation"]

1. d4 Nf6 2. c4 e6 3. Nf3 d5 4.
g3 Bb4+ 5. Bd2 Be7 6. Bg2 c6 7. O-O b6 8. Bf4 Bb7 9. Nc3 dxc4 10.
Ne5 Nd5 11. Nxc4 Nxf4 12. gxf4 Nd7 13. e3 O-O 14. Rc1 Qc7 15. Qg4 Rac8 16. Bf3 g6 17.
Qg2 Ba8 18. Rfd1 Qb8 19. a4 Rfd8 20. Ne5 Nxe5 21. dxe5 c5 22. Be4 a6 23. Qf3 Bxe4 24. Qxe4 b5 25. axb5 axb5 26. Rxd8+ Rxd8 27. Qc6 Rd2 28. Ne4 Rxb2 29. Ra1 Qf8 30. Ra8 c4 31. Rxf8+ Bxf8 32. Qc7 h6 33. Nd6 Bxd6 34. exd6 Rd2 35.
d7 1-0

[Event "*** SCC Grand Prix: Titled Tuesday Blitz"]
[Site "Chess.com"]
[Date "2020.06.09"]
[Round "3"]
[White "Azoulas1"]
[Black "ARMQUEEN"]
[Result "0-1"]
[WhiteElo "1968"]
[BlackElo "2310"]
[TimeControl "180+1"]
[EndTime "9:28:12 PDT"]
[Termination "ARMQUEEN won by resignation"]

1. e4 c5 2. Nf3 Nc6 3. Bb5 g6 4. c4 Bg7 5. O-O e5 6. d3 Nge7 7. Be3 b6 8. Ba4 O-O 9. Nc3 f5 10. Bc2 Nd4 11. Bxd4 exd4 12. Nd5 Nc6 13. Re1 d6 14. a3 fxe4 15. Rxe4 Bf5 16. Rf4 Bh6 17. Rh4 Bg7 18. Rf4 g5 19. Rxf5 Rxf5 20. Ba4 Ne5 21.
Nxe5 dxe5 22. Qg4 Rf7 23. Qe6 Qf8 24. Bc6 Rd8 25. Re1 Rd6 26. Qg4 Rxc6 27. Re4 h6 28. h4 Rxf2 29. hxg5 Rg6 30. Ne7+ Qxe7 31. Kxf2 Rxg5 32.
Qc8+ Kh7 33. Kg1 Qf7 34. Rh4 Qf3 35. Rxh6+ Kxh6 36. Qe6+ Kh7 37. Qf5+ Qxf5 0-1

[Event "*** SCC Grand Prix: Titled Tuesday Blitz"]
[Site "Chess.com"]
[Date "2020.06.09"]
[Round "3"]
[White "fm24601"]
[Black "The_Machine04"]
[Result "1-0"]
[WhiteElo "2544"]
[BlackElo "2294"]
[TimeControl "180+1"]
[EndTime "9:28:13 PDT"]
[Termination "fm24601 won by resignation"]

1. e4 d6 2. d4 Nf6 3. Nc3 e5 4. Nf3 Nbd7 5. Bc4 Be7 6. O-O c6 7.
a4 Qc7 8. b3 h6 9. Bb2 Nf8 10.
dxe5 dxe5 11. Nxe5 Qxe5 12. Nd5 cxd5 13. Bb5+ N8d7 14.
Bxe5 dxe4 15. Bxf6 Bxf6 16. Re1 Bxa1 17. Rxe4+ Kf8 18. Qxa1 Nf6 19. Qa3+ Kg8 20. Re7 Be6 21. Bd3 Rb8 22. h3 Nd5 23. Qd6 Rc8 24. Rxe6 fxe6 25.
Qxe6+ Kf8 26. Qxc8+ 1-0

[Event "*** SCC Grand Prix: Titled Tuesday Blitz"]
[Site "Chess.com"]
[Date "2020.06.09"]
[Round "3"]
[White "Efremov_Vlad"]
[Black "witcher8"]
[Result "0-1"]
[WhiteElo "2165"]
[BlackElo "2410"]
[TimeControl "180+1"]
[EndTime "9:28:14 PDT"]
[Termination "witcher8 won on time"]

1. c4 e5 2. g3 Nc6 3. Bg2 g6 4. Nc3 Bg7 5. d3 f5 6. e4 d6 7. Nge2 Nf6 8. O-O O-O 9. f4 a5 10. Kh1 Be6 11. Be3 Qd7 12. Nd5 Rae8 13. Nec3 Nd4 14. Nxf6+ Bxf6 15. Nd5 Bg7 16. fxe5 Bxe5 17. Nf4 Bf7 18. exf5 Nxf5 19. Bg1 c6 20. Qc2 g5 21.
Nh3 h6 22. Rad1 Bg7 23. d4 Ne3 24. Bxe3 Rxe3 25. d5 c5 26. b3 Rfe8 27. Nf2 Bh5 28. Rb1 Re2 29. Qd3 R8e3 30. Qd1 Qe8 31. g4 Bg6 32.
Rc1 Bb2 0-1

[Event "*** SCC Grand Prix: Titled Tuesday Blitz"]
[Site "Chess.com"]
[Date "2020.06.09"]
[Round "3"]
[White "Thipsay"]
[Black "IAgrest"]
[Result "1/2-1/2"]
[WhiteElo "2437"]
[BlackElo "2240"]
[TimeControl "180+1"]
[EndTime "9:28:14 PDT"]
[Termination "Game drawn by repetition"]

1. e4 e5 2. Nf3 Nc6 3. Bb5 a6 4. Ba4 Nf6 5. O-O Bc5 6. d3 b5 7.
Bb3 d6 8. c3 Bb6 9. Be3 Rb8 10.
Nbd2 O-O 11. h3 Ne7 12. d4 Ng6 13. Bc2 c5 14. dxe5 dxe5 15. c4 Qe7 16. Qe2 Bd7 17.
Bd3 Nh5 18. Nb3 Nhf4 19. Qc2 Nxd3 20. Qxd3 bxc4 21. Qxc4 Bb5 22. Qc3 Bxf1 23. Rxf1 Rfc8 24. Nbd2 h6 25. Nc4 f6 26. Rd1 Bc7 27. Rd5 Nf4 28. Bxf4 exf4 29. e5 fxe5 30. Ncxe5 Bxe5 31. Rxe5 Qf7 32. b3 c4 33. b4 Rb5 34. Re4 Rd5 35. Ne5 Qf5 36. Rxc4 Rxc4 37. Nxc4 Kh7 38. a4 Qe6 39. Kh2 Kh8 40. Na5 Qd6 41. Qc8+ Kh7 42. Qa8 f3+ 43. g3 Rd2 44. Qe4+ Kh8 45. Qxf3 Qxb4 46. Nc6 Qc5 47.
Kg2 Rxf2+ 48. Qxf2 Qxc6+ 49. Qf3 Qxa4 50. Qf8+ Kh7 51.
Qf5+ Kh8 52. Qf8+ Kh7 53. Qf5+ Kh8 54. Qf8+ 1/2-1/2

[Event "*** SCC Grand Prix: Titled Tuesday Blitz"]
[Site "Chess.com"]
[Date "2020.06.09"]
[Round "3"]
[White "Olga_Girya"]
[Black "GjakanTati"]
[Result "0-1"]
[WhiteElo "2401"]
[BlackElo "2601"]
[TimeControl "180+1"]
[EndTime "9:28:17 PDT"]
[Termination "GjakanTati won by resignation"]

1. d4 d5 2. c4 e6 3. Nf3 Nf6 4. Nc3 Be7 5. Bg5 h6 6. Bxf6 Bxf6 7. e3 O-O 8. Rc1 c6 9. Bd3 dxc4 10. Bxc4 Nd7 11.
O-O e5 12. d5 Nb6 13. b3 cxd5 14. Nxd5 Bg4 15. h3 Bh5 16. e4 Nxc4 17. Rxc4 Qd6 18. Qd3 Bd8 19. Rfc1 Bg6 20. Qe3 Bb6 21. Nxb6 axb6 22. a4 Rad8 23. Rc7 Qb4 24. Nxe5 Qxe4 25. Nxg6 Qxg6 26. Rxb7 Rd6 27. Qg3 Qf6 28. Kh2 Rd2 29.
Kg1 Rfd8 30. Rbc7 R8d3 31. Rc8+ Kh7 32. Qb8 Qxf2+ 0-1

[Event "*** SCC Grand Prix: Titled Tuesday Blitz"]
[Site "Chess.com"]
[Date "2020.06.09"]
[Round "3"]
[White "Y0ung_Capablanca"]
[Black "bsnsun"]
[Result "1/2-1/2"]
[WhiteElo "2735"]
[BlackElo "2461"]
[TimeControl "180+1"]
[EndTime "9:28:18 PDT"]
[Termination "Game drawn by agreement"]

1. d4 Nf6 2. c4 e6 3. Nf3 d5 4.
g3 dxc4 5. Bg2 a6 6. O-O Nc6 7. Be3 Rb8 8. Qc1 b5 9. b3 Bb7 10. bxc4 bxc4 11. Nbd2 Be7 12. Nxc4 Nd5 13. Rb1 O-O 14. Rd1 Nxe3 15. Nxe3 Nb4 16. Rd2 Nd5 17.
Nc4 Ba8 18. Rdb2 Rxb2 19. Qxb2 Qd7 20. Nfe5 Qa4 21. Qb3 Qxb3 22. Rxb3 c5 23. Nd7 Rd8 24. Nxc5 h5 25. e3 Bc6 26. Nb6 Bb5 27. Nxd5 exd5 28. a4 Bc4 29. Rb6 Rc8 30. Nxa6 Bd8 31.
Rd6 Be7 32. Rd7 Bxa6 33. Bxd5 Rc1+ 34. Kg2 Kf8 35. Ra7 Bf1+ 36. Kf3 g6 37. a5 Ra1 38.
a6 Rxa6 39. Rxa6 Bxa6 40. h4 Bf1 41. e4 Kg7 42. Ke3 Bb4 43. Bb3 Kf6 44. e5+ Ke7 45. d5 Bc5+ 46. Kf3 Bh3 47. Ke2 Bg4+ 48. f3 Bc8 49. d6+ Ke8 50. f4 1/2-1/2

[Event "*** SCC Grand Prix: Titled Tuesday Blitz"]
[Site "Chess.com"]
[Date "2020.06.09"]
[Round "3"]
[White "GrigorGrigorov"]
[Black "MuradNuri"]
[Result "1-0"]
[WhiteElo "2730"]
[BlackElo "2447"]
[TimeControl "180+1"]
[EndTime "9:28:19 PDT"]
[Termination "GrigorGrigorov won by resignation"]

1. d4 Nf6 2. c4 e6 3. Nf3 a6 4. g3 b5 5. b3 Bb7 6. Bg2 Bb4+ 7. Bd2 Be7 8. O-O O-O 9. Ne5 Bxg2 10.
Kxg2 d6 11. Nd3 Nbd7 12. Bg5 h6 13. Bxf6 Bxf6 14. e3 c5 15. Nf4 Qb6 16. Nh5 cxd4 17. Nxf6+ Nxf6 18. Qxd4 Qc6+ 19. Kg1 Rfc8 20. Nd2 Qc5 21.
Rfc1 bxc4 22. Qxc5 Rxc5 23. Rxc4 Rxc4 24. Nxc4 d5 25. Ne5 Rc8 26. Nd3 Rc2 27. Nb4 Rb2 28. Nxa6 Ng4 29. Nc5 Nxf2 30. a4 Nh3+ 31. Kf1 Rf2+ 32.
Ke1 Rxh2 33. Ra3 Rb2 34. a5 Ng5 35. a6 Nf3+ 36. Kd1 1-0

[Event "*** SCC Grand Prix: Titled Tuesday Blitz"]
[Site "Chess.com"]
[Date "2020.06.09"]
[Round "3"]
[White "tamarozi99"]
[Black "ENEASZ"]
[Result "0-1"]
[WhiteElo "2043"]
[BlackElo "2478"]
[TimeControl "180+1"]
[EndTime "9:28:19 PDT"]
[Termination "ENEASZ won by checkmate"]

1. e4 d6 2. d4 Nf6 3. Nc3 e5 4. dxe5 dxe5 5. Qxd8+ Kxd8 6. Nf3 Bd6 7. Bc4 Ke7 8. Bg5 Be6 9. Bd5 c6 10. Bxe6 Kxe6 11.
O-O-O Nbd7 12. Rd2 h6 13. Rhd1 Bb4 14. Bh4 Bxc3 15.
bxc3 Nc5 16. Rd6+ Ke7 17. Nxe5 g5 18. Bg3 Nfxe4 19. R6d4 Ke6 20. Nc4 b5 21. Re1 bxc4 22.
f3 f5 23. fxe4 Nxe4 24. Rxc4 Rhc8 25. Rd4 Kf6 26. h4 Re8 27. hxg5+ hxg5 28. Bd6 Re6 29. Ba3 Rh8 30. Kb2 Rb8+ 31. Kc1 Rb5 32. Bb2 Kg6 33. c4 Ra5 34. Kb1 Ra4 35. Red1 c5 36. Rd8 Rxc4 37. Rg8+ Kh5 38. Rh1+ Kg4 39. Rg1 Rb6 40. Rh8 Rcb4 41. Kc1 Rxb2 42. g3 Rb1# 0-1

[Event "*** SCC Grand Prix: Titled Tuesday Blitz"]
[Site "Chess.com"]
[Date "2020.06.09"]
[Round "3"]
[White "KaterinaMiroshnik"]
[Black "Mazetovic"]
[Result "0-1"]
[WhiteElo "2412"]
[BlackElo "2626"]
[TimeControl "180+1"]
[EndTime "9:28:20 PDT"]
[Termination "Mazetovic won by resignation"]

1. d3 c5 2. Nd2 Nc6 3. Ngf3 g6 4. e4 Bg7 5. c3 d5 6. Be2 Nf6 7. O-O O-O 8. Qc2 e6 9. Re1 b5 10. a3 Rb8 11. b3 a5 12. Bb2 Ba6 13. Bf1 Rc8 14.
Rad1 Qb6 15. g3 Rfd8 16. Bg2 a4 17. bxa4 bxa4 18. c4 dxc4 19. dxc4 Nd4 20. Nxd4 cxd4 21. Bf1 Nd7 22. Rb1 Qa5 23. Bd3 Nc5 24. Rec1 e5 25. Ba1 Bh6 26. Rd1 Rb8 27. Nf3 f6 28. h4 Rb3 29.
Bb2 Rdb8 30. Ba1 Qb6 31. Rxb3 Qxb3 32. Rb1 Qxb1+ 33. Qxb1 Rxb1+ 34. Bxb1 Bxc4 35. Ne1 Bc1 36. Nc2 Nb3 37. Ba2 Kf7 38. f4 Ke6 39. Kf2 Kd6 40.
fxe5+ fxe5 41. Ke1 Kc5 42. Bb1 Nxa1 43. Nxa1 Bxa3 44.
Bc2 Bb2 0-1